 Dungeon Crawl Stone Soup version 0.22-a0-362-g535178c (webtiles) character file.

2 Amnesiac the Grave Robber (level 1, -4/13 HPs)
             Began as a Mummy Necromancer on Apr 20, 2018.
             Slain by an adder (5 damage)
             ... on level 2 of the Dungeon.
             The game lasted 00:00:29 (79 turns).

Amnesiac the Grave Robber (Mummy Necromancer)         Turns: 79, Time: 00:00:30

Health: -4/13      AC:  2    Str: 11    XL:     1   Next: 25%
Magic:  1/4        EV: 12    Int: 14    God:
Gold:   31         SH:  0    Dex: 12    Spells: 4/5 levels left

rFire    x . .     SeeInvis .   (no weapon)
rCold    + . .     Gourm    .   (no shield)
rNeg     + + +     Faith    .   a - +0 robe
rPois    ∞         Spirit   .   (no helmet)
rElec    .         Reflect  .   (no cloak)
rCorr    .         Harm     .   (no gloves)
MR       .....                  (no boots)
Stlth    ++........             (no amulet)
HPRegen  0.04/turn              (no ring)
MPRegen  0.09/turn              (no ring)

@: no status effects
A: no food or potions, fire vulnerability, cold resistance 1, negative energy
resistance 3, torment resistance, unbreathing
a: no special abilities


You were on level 2 of the Dungeon.
You were not hungry.

You visited 1 branch of the dungeon, and saw 2 of its levels.

You collected 31 gold pieces.

Inventory:

Missiles
 d - 21 sling bullets
 e - 22 stones (quivered)
Armour
 a - a +0 robe (worn)
 c - a +0 buckler
Scrolls
 b - a scroll of fog {!r, unknown}


   Skills:
 - Level 1.5 Dodging
 - Level 1.5 Stealth
 + Level 2.8 Spellcasting
 + Level 4.0 Necromancy


You had 4 spell levels left.
You knew the following spells:

 Your Spells              Type           Power        Failure   Level  Hunger
a - Pain                  Necr           ##..         4%          1    N/A

Dungeon Overview and Level Annotations

Branches:
Dungeon (1/15)

Altars:


Innate Abilities, Weirdness & Mutations

You do not eat or drink.
Your flesh is vulnerable to fire.
You are immune to poison.
Your flesh is cold resistant. (rC+)
You are immune to negative energy. (rN+++)
You are immune to unholy pain and torment.
You can survive without breathing.


Message History

Casting: Pain (safe; 4% risk of failure)
Confirm with . or Enter, or press ? or * to list all spells.
You can't see any susceptible monsters within range! (Use Z to cast anyway.)
Casting: Pain (safe; 4% risk of failure)
Confirm with . or Enter, or press ? or * to list all spells.
You can't see any susceptible monsters within range! (Use Z to cast anyway.)
Things that are here:
a club; a hobgoblin corpse
There is a shaft here.
There is a shaft here.
You fall through a shaft!
The shaft crumbles and collapses.
A rat, a worm and a goblin come into view.
Found four items.
A goblin comes into view. It is wielding a club.
The goblin moves out of view.
A bat comes into view.
You see here 11 gold pieces.
You now have 31 gold pieces (gained 11).
A kobold comes into view.
The kobold shouts!
The kobold throws a stone.
The stone hits you but does no damage.
You see here a stone.
An adder comes into view.
The adder hisses angrily.
The kobold throws a stone.
The stone barely misses you.
Casting: Pain (safe; 4% risk of failure)
Confirm with . or Enter, or press ? or * to list all spells.
Aiming: Pain (safe; 4% risk of failure)
Press: ? - help, Shift-Dir - straight line, f - bat
Aim: a bat (chance to defeat MR: 83%)
The bat barely resists.
The bat hits you but does no damage.
The kobold throws a stone.
The stone closely misses you.
Casting: Pain (safe; 4% risk of failure)
Confirm with . or Enter, or press ? or * to list all spells.
Aiming: Pain (safe; 4% risk of failure)
Press: ? - help, Shift-Dir - straight line, f/p - bat
Aim: a bat (chance to defeat MR: 83%)
The bat writhes in agony!
The bat closely misses you.
Casting: Pain (safe; 4% risk of failure)
Confirm with . or Enter, or press ? or * to list all spells.
Aiming: Pain (safe; 4% risk of failure)
Press: ? - help, Shift-Dir - straight line, f/p - bat
Aim: a bat (moderately wounded, chance to defeat MR: 83%)
The bat writhes in agony!
You kill the bat!
The adder barely misses you. The adder bites you.
You miss the adder.
The kobold throws a stone.
The stone closely misses you. The adder bites you.
Casting: Pain (safe; 4% risk of failure)
Confirm with . or Enter, or press ? or * to list all spells.
Aiming: Pain (safe; 4% risk of failure)
Press: ? - help, Shift-Dir - straight line, f - adder
Aim: an adder (chance to defeat MR: 77%)
The adder barely resists.
The adder bites you.
* * * LOW HITPOINT WARNING * * *
A goblin comes into view. It is wielding a club.
You see here 3 stones.
The adder misses you.
Found 12 poisoned needles.
The adder bites you.
* * * LOW HITPOINT WARNING * * *
The adder bites you.
You die...

................
........................
.....)..................
.................#.#....
........................
........................
.................#$.....
....[....(..K......(#
..#..(....w.S@##
.g.....######......#
......# ######..# ####..
#.... #. ..... .. #...
.. ... ### ##


You could see a worm, an adder and a kobold.

Vanquished Creatures
  A hobgoblin (D:1)
  A bat (D:2)
2 creatures vanquished.

Notes
Turn   | Place    | Note
-------+----------+-------------------------------------------
     0 | D:1      | Amnesiac the Mummy Necromancer began the quest for the Orb.
     0 | D:1      | Reached XP level 1. HP: 13/13 MP: 4/4
    59 | D:1      | You fall through a shaft!
    79 | D:2      | Slain by an adder

Vault maps used:
D:1:      shiori_arrival_oz, minmay_misc_feat_encased, minmay_tromino_v4_a
D:2:      nicolae_ru_sacrificial_ziggurat

Action                   || total
-------------------------++-------
Melee: Unarmed           ||     1
 Cast: Pain              ||     5
Armor: Robe              ||     2
Dodge: Dodged            ||     6

Table legend:
 A = Spawn XP
 B = Non-spawn XP
 C = Spawn XP percentage of total XP
 D = Spawn monster count
 E = Non-spawn monster count
 F = Spawn count percentage of total count
 G = Total turns spent on level
                    A         B        C        D         E        F      G
               +---------+---------+-------+---------+---------+-------+---------
         Total |       0 |       3 |   0.0 |       0 |       2 |   0.0 |    79
               +---------+---------+-------+---------+---------+-------+---------
           D:1 |       0 |       2 |   0.0 |       0 |       1 |   0.0 |    59
           D:2 |       0 |       1 |   0.0 |       0 |       1 |   0.0 |    20
               +---------+---------+-------+---------+---------+-------+---------
